 Dungeon Crawl Stone Soup version 0.23.1 (webtiles) character file.

Game seed: 0

8092 Yunesin the Severer (level 11, -3/95 HPs)
             Began as a Minotaur Berserker on Mar 13, 2019.
             Was a High Priest of Trog.
             Slain by a two-headed ogre
             ... wielding a +0 giant club
              (10 damage)
             ... on level 9 of the Dungeon.
             The game lasted 00:51:42 (8878 turns).

Yunesin the Severer (Minotaur Berserker)            Turns: 8878, Time: 00:51:43

Health: -3/95      AC: 19    Str: 22    XL:     11   Next: 5%
Magic:  10/10      EV:  9    Int:  7    God:    Trog [*****.]
Gold:   350        SH:  0    Dex: 13    Spells: 10/10 levels left

rFire    + . .     SeeInvis .   a - +1 hand axe
rCold    x x .     Gourm    .   (no shield)
rNeg     . . .     Faith    .   k - +0 plate armour
rPois    .         Spirit   .   (helmet restricted)
rElec    .         Reflect  .   H - +1 cloak
rCorr    .         Harm     .   L - +1 pair of gloves of Myola {+Blink rC- Int+3}
MR       .....                  (no boots)
Stlth    ..........             D - amulet of the acrobat
HPRegen  0.25/turn              i - ring of flight
MPRegen  0.12/turn              w - ring of fire

@: no status effects
A: retaliatory headbutt, horns 2
a: Berserk, Trog's Hand, Brothers in Arms, Renounce Religion, Evoke Blink, Evoke
Flight


You were on level 9 of the Dungeon.
You worshipped Trog.
Trog was extremely pleased with you.
You were hungry.

You visited 2 branches of the dungeon, and saw 10 of its levels.

You collected 644 gold pieces.
You spent 294 gold pieces at shops.

Inventory:

Hand Weapons
 a - a +1 hand axe (weapon)
 N - a +1 shortbow of flaming
Armour
 k - a +0 plate armour (worn)
 m - a +0 leather armour of positive energy
 p - the +6 ring mail of Resilience {*Drain Int+4 Slay+3}
   (You found it on level 4 of the Dungeon)

   It affects your intelligence (+4).
   It affects your accuracy and damage with ranged weapons and melee attacks
   (+3).
   It causes draining when unequipped.
 s - a +0 ring mail of cold resistance
 H - a +1 cloak (worn)
 L - the +1 pair of gloves of Myola (worn) {+Blink rC- Int+3}
   (You bought it in a shop on level 7 of the Dungeon)

   It affects your intelligence (+3).
   It makes you vulnerable to cold.
   It lets you blink.
Jewellery
 i - a ring of flight (left hand)
 w - a ring of fire (right hand)
 D - an amulet of the acrobat (around neck)
Wands
 o - a wand of random effects (16)
 x - a wand of flame (23)
 B - a wand of disintegration (22)
 I - a wand of acid (9)
 Q - a wand of clouds (5)
Scrolls
 d - 5 scrolls of remove curse
 e - 2 scrolls of fear
 g - 6 scrolls of identify
 h - 2 scrolls of teleportation
 r - a scroll of fog
 u - 3 scrolls of amnesia
 v - a scroll of enchant weapon
 y - a scroll of random uselessness {unknown}
 E - 2 scrolls of immolation
 F - a scroll of enchant armour {unknown}
 O - a scroll of acquirement {unknown}
 P - 2 scrolls of torment
Potions
 b - 8 potions of flight
 f - a potion of invisibility {unknown}
 j - 3 potions of brilliance
 l - a potion of mutation {unknown}
 n - a potion of haste
 q - a potion of berserk rage {unknown}
 t - a potion of magic
 z - a potion of curing
 A - a potion of ambrosia
 C - a potion of degeneration {unknown}
 J - a potion of resistance {unknown}
 K - 2 potions of cancellation {unknown}
 M - 2 potions of heal wounds {unknown}
Comestibles
 c - 16 rations


   Skills:
 + Level 8.4 Fighting
 * Level 15.1 Axes
 + Level 10.1 Armour
 + Level 4.8 Dodging


You had 10 spell levels left.
You didn't know any spells.
Your spell library was empty.

Dungeon Overview and Level Annotations

Branches:
Dungeon (9/15)             Temple (1/1) D:4
   Lair: D:8-11         Orc: D:9-12

Altars:
Ashenzari
Cheibriados
Dithmenos
Elyvilon
Fedhas
Gozag
Hepliaklqana
Kikubaaqudgha
Makhleb
Okawaru
Qazlal
Ru
Sif Muna
Trog
Uskayaw
Vehumet
Wu Jian
Xom
Yredelemnul
Zin
The Shining One

Shops:
D:5 *   D:7 [


Innate Abilities, Weirdness & Mutations

You reflexively headbutt those who attack you in melee.
You have a pair of horns on your head.


Message History

The two-headed ogre is almost dead.
The two-headed ogre hits you with a +0 giant club.
The two-headed ogre hits you with a +0 giant club!!
You hit the two-headed ogre but do no damage.
The two-headed ogre is almost dead.
You hit the two-headed ogre.
The two-headed ogre is almost dead.
The two-headed ogre hits you with a +0 giant club!!
* * * LOW HITPOINT WARNING * * *
The two-headed ogre hits you with a +0 giant club!!
* * * LOW HITPOINT WARNING * * *
You are too injured to fight recklessly!
You are too injured to fight recklessly!
You hit the two-headed ogre.
The two-headed ogre is almost dead.
You hit the two-headed ogre but do no damage.
Your headbutt misses the two-headed ogre.
The two-headed ogre is almost dead.
The two-headed ogre hits you with a +0 giant club!
You die...

##'###### ....O...###
.......)))###########
......(.#.##........#
........#.##........#
........#..'........#
........####....<...#
.......!# #....@...#
######+## #.....O..#
####'##### #....#
########.#####
#............#
#............#
###............#
#..............#


You could see a two-headed ogre.

Vanquished Creatures
  Harold (D:9)
  A two-headed ogre (D:8)
  Maurice (D:8)
  A hippogriff (D:7)
  Prince Ribbit (D:8)
  3 yaks (D:9)
  A hungry ghost (D:7)
  Edmund (D:4)
  An ice beast (D:7)
  2 sky beasts
  A phantom (D:7)
  2 black bears (D:8)
  3 orc warriors
  2 centaurs
  5 ogres
  3 bullfrogs
  3 scorpions
  46 killer bees
  3 wights
  2 howler monkeys
  5 crimson imps
  A centaur zombie (D:7)
  A bullfrog zombie (D:5)
  6 hounds
  8 orc priests
  A centaur skeleton (D:8)
  A bullfrog skeleton (D:7)
  An iguana (D:5)
  8 orc wizards
  6 worker ants
  10 adders
  7 gnolls
  A river rat (D:5)
  4 shadow imps
  An adder zombie (D:8)
  An adder skeleton (D:4)
  5 worms
  2 dart slugs
  5 leopard geckos
  17 orcs
  8 giant cockroaches
  9 goblins
  10 hobgoblins
  10 jackals
  A quokka (D:2)
  A ball python (D:5)
  5 bats
  4 frilled lizards
  13 kobolds
  A leopard gecko skeleton (D:4)
  6 rats
  4 fungi (D:3)
246 creatures vanquished.

Vanquished Creatures (others)
  3 toadstools (D:3)
3 creatures vanquished.

Grand Total: 249 creatures vanquished

Notes
Turn   | Place    | Note
-------+----------+-------------------------------------------
     0 | D:1      | Yunesin the Minotaur Berserker began the quest for the Orb.
     0 | D:1      | Reached XP level 1. HP: 19/19 MP: 0/0
    92 | D:1      | Reached skill level 4 in Axes
    92 | D:1      | Reached XP level 2. HP: 24/27 MP: 1/1
   375 | D:1      | Reached ** piety under Trog
   375 | D:1      | Reached XP level 3. HP: 33/33 MP: 2/2
   760 | D:2      | Found an iron altar of Okawaru.
   901 | D:2      | Reached skill level 5 in Axes
  1178 | D:3      | Reached XP level 4. HP: 40/40 MP: 3/3
  1204 | D:3      | Reached *** piety under Trog
  1723 | D:4      | Reached XP level 5. HP: 45/47 MP: 4/4
  1773 | D:4      | Reached skill level 6 in Axes
  2086 | D:4      | Got a crude ring mail
  2097 | D:4      | Identified the +6 ring mail of Resilience {*Drain Int+4
                  | Slay+3} (You found it on level 4 of the Dungeon)
  2220 | D:4      | Found a stormy altar of Qazlal.
  2225 | D:4      | Noticed an ogre
  2231 | D:4      | Killed an ogre
  2231 | D:4      | Reached skill level 7 in Axes
  2231 | D:4      | Reached XP level 6. HP: 55/55 MP: 5/5
  2246 | D:4      | Reached skill level 5 in Fighting
  2295 | D:4      | Noticed Edmund
  2307 | D:4      | Killed Edmund
  2616 | D:4      | Reached skill level 8 in Axes
  2616 | D:4      | Reached XP level 7. HP: 61/61 MP: 6/6
  2671 | D:4      | Found a staircase to the Ecumenical Temple.
  2982 | Temple   | Entered the Ecumenical Temple
  3192 | D:5      | Entered Level 5 of the Dungeon
  3358 | D:5      | Found a glowing golden altar of the Shining One.
  3451 | D:5      | Found Zin's Purification Station.
  3452 | D:5      | Found a glowing silver altar of Zin.
  3702 | D:5      | Reached skill level 9 in Axes
  3900 | D:5      | Reached XP level 8. HP: 69/69 MP: 7/7
  4124 | D:5      | Found a blossoming altar of Fedhas.
  4452 | D:6      | Reached skill level 5 in Armour
  4889 | D:6      | Found a shattered altar of Ashenzari.
  4954 | D:7      | Reached **** piety under Trog
  4981 | D:7      | Reached skill level 10 in Axes
  5106 | D:7      | Reached skill level 11 in Axes
  5189 | D:7      | Noticed a hippogriff
  5200 | D:7      | Killed a hippogriff
  5294 | D:7      | Found a snail-covered altar of Cheibriados.
  5295 | D:7      | Found a shimmering altar of Xom.
  5296 | D:7      | Found a burning altar of Makhleb.
  5311 | D:7      | Found a deep blue altar of Sif Muna.
  5341 | D:7      | Reached XP level 9. HP: 72/75 MP: 8/8
  5499 | D:7      | Found Ponietit's Antique Armour Boutique.
  5507 | D:7      | Bought a pair of polished gloves for 294 gold pieces
  5512 | D:7      | Identified the +1 pair of gloves of Myola {+Blink rC-
                  | Int+3} (You bought it in a shop on level 7 of the Dungeon)
  5552 | D:7      | Found an ornate altar of the Wu Jian Council.
  5789 | D:7      | Reached skill level 12 in Axes
  6217 | D:8      | Reached skill level 13 in Axes
  6326 | D:8      | Noticed a two-headed ogre
  6504 | D:8      | Killed a two-headed ogre
  6504 | D:8      | Reached XP level 10. HP: 76/86 MP: 9/9
  6648 | D:8      | Noticed Prince Ribbit
  6665 | D:8      | Killed Prince Ribbit
  6732 | D:8      | Reached ***** piety under Trog
  6732 | D:8      | Reached skill level 14 in Axes
  7332 | D:8      | Noticed Maurice
  7439 | D:8      | Found a bloodstained altar of Trog.
  7797 | D:8      | Found a snail-covered altar of Cheibriados.
  8000 | D:8      | Killed Maurice
  8339 | D:9      | Noticed Harold
  8374 | D:9      | Killed Harold
  8442 | D:9      | Reached skill level 15 in Axes
  8442 | D:9      | Reached skill level 10 in Armour
  8447 | D:9      | Reached XP level 11. HP: 95/95 MP: 10/10
  8580 | D:9      | Noticed a two-headed ogre
  8878 | D:9      | Slain by a two-headed ogre

Skill      XL: |  1  2  3  4  5  6  7  8  9 10 |
---------------+-------------------------------+-----
Axes           | 4 5 7 8 9 11 13 15 | 15.1
Fighting       | 4 5 6 7 8 |  8.4
Dodging        | 3 4 |  4.8
Armour         | 3 4 6 8 10 | 10.1

Action                   |  1- 3 |  4- 6 |  7- 9 | 10-12 || total
-------------------------+-------+-------+-------+-------++-------
Melee: Hand axe          |    95 |   109 |   322 |   318 ||   844
       Headbutt          |    18 |    16 |    77 |    62 ||   173
Invok: Berserk           |     2 |     1 |     6 |     3 ||    12
  Use: Potion            |       |     4 |     1 |     1 ||     6
       Scroll            |       |     2 |     2 |     5 ||     9
  Eat: Chunk             |     2 |     6 |     8 |     4 ||    20
       Ration            |       |       |     4 |     2 ||     6
Armor: Animal skin       |    12 |       |       |       ||    12
       Ring mail         |    11 |    24 |    50 |       ||    85
       Leather armour    |    11 |       |       |       ||    11
       Plate armour      |       |       |   110 |   131 ||   241
Dodge: Dodged            |    60 |    55 |   159 |   135 ||   409
